 Dungeon Crawl Stone Soup version 0.30-a0-802-gb92711bcdf (webtiles) character file.

Game seed: 7907772248952901662

9606 demibob the Carver (level 11, -9/100 HPs)
             Began as a Minotaur Fighter on Feb 24, 2023.
             Was an Initiate of Gozag.
             Mangled by Urug
             ... wielding a +5 great mace
              (45 damage)
             ... on level 10 of the Dungeon.
             The game lasted 00:14:37 (9685 turns).

demibob the Carver (Minotaur Fighter)               Turns: 9685, Time: 00:14:37

Health: -9/100     AC: 20    Str: 21    XL:     11   Next: 25%
Magic:  10/10      EV:  8    Int:  7    God:    Gozag
Gold:   1251       SH:  5    Dex: 12    Spells: 10/10 levels left

rFire   + . .      SeeInvis +    a - +1 long sword (chaos)
rCold   x . .      Faith    .    (no shield)
rNeg    + . .      Spirit   .    x - +3 chain mail
rPois   +          Reflect  +    (helmet restricted)
rElec   .          Harm     .    m - +1 cloak
rCorr   .          Rampage  .    b - +0 pair of gloves of Ykhuytel {rPois rC- Regen+ SInv}
Will    .....                    (no boots) Stlth
                                 s - amulet of reflection
HPRegen 1.16/turn                F - ring of protection from fire
MPRegen 0.12/turn                N - ring of positive energy

@: gold aura
A: horns 2, retaliatory headbutt
a: Renounce Religion, Potion Petition, Call Merchant, Bribe Branch


You were on level 10 of the Dungeon.
You worshipped Gozag.
Gozag was most pleased with you.
You visited 2 branches of the dungeon, and saw 11 of its levels.
You also visited: Ossuary and Bailey.

You collected 2472 gold pieces.
You paid 1221 gold pieces to Gozag.


Innate Abilities, Weirdness & Mutations

You have a pair of horns on your head.
You reflexively headbutt those who attack you in melee.


   Skills:
 + Level 10.2 Fighting
 - Level 14.0 Long Blades
 + Level 13.2 Armour
 - Level 3.6 Shields


You had 10 spell levels left.
You didn't know any spells.
Your spell library contained the following spells:

 Spells                   Type           Power      Damage    Failure   Level
 Necrotise                Necr           0%         1d4       95%         1
 Dazzling Flash           Conj/Hex       0%         N/A       100%        3
 Tukima's Dance           Hex            0%         N/A       100%        3
 Vampiric Draining        Necr           0%         2d6       100%        3
 Vhi's Electric Charge    Tloc/Air       0%         N/A       100%        3
 Passage of Golubria      Tloc           0%         N/A       100%        4
 Agony                    Necr           0%         N/A       100%        5
 Arcjolt                  Conj/Air       0%         1d10      100%        5
 Blade Hands              Tmut           0%         N/A       100%        5
 Borgnjor's Vile Clutch   Necr/Erth      0%         N/A       100%        5
 Irradiate                Conj/Tmut      0%         3d11      100%        5
 Silence                  Hex/Air        0%         N/A       100%        5
 Yara's Violent Unravell  Hex/Tmut       0%         3d3       100%        5
 Death Channel            Necr           0%         N/A       100%        6
 Dragon Form              Tmut           0%         N/A       100%        7
 Maxwell's Capacitive Co  Air            0%         ∞         100%        8
 Animate Dead             Necr           Unusable   N/A       N/A         4

Inventory:

Hand Weapons
 a - a +1 long sword of chaos (weapon)
Armour
 b - the +0 pair of gloves of Ykhuytel (worn) {rPois rC- Regen+ SInv}
   (You found it on level 6 of the Dungeon)

   rC:        It makes you vulnerable to cold.
   rPois:     It protects you from poison.
   SInv:      It lets you see invisible.
   Regen:     It increases your rate of health regeneration.
 m - a +1 cloak (worn)
 x - a +3 chain mail (worn)
Jewellery
 f - a ring of fire
 s - an amulet of reflection (around neck)
 F - a ring of protection from fire (left hand)
 N - a ring of positive energy (right hand)
Wands
 d - a wand of iceblast (7)
 q - a wand of acid (6)
Scrolls
 c - 2 scrolls of enchant weapon
 g - 5 scrolls of fear
 h - 4 scrolls of fog
 u - 5 scrolls of teleportation {@r2}
 y - a scroll of amnesia
 B - 3 scrolls of enchant armour
 D - a scroll of magic mapping {unknown}
Potions
 e - 3 potions of haste {@q3}
 i - 4 potions of attraction
 j - a potion of brilliance {unknown}
 k - 2 potions of magic {unknown}
 l - a potion of cancellation
 o - a potion of invisibility {unknown}
 p - 5 potions of curing {@q1}
 r - 3 potions of flight
 t - 3 potions of resistance
 v - 2 potions of ambrosia {unknown}
 w - a potion of degeneration {unknown}
 z - a potion of might
 A - 2 potions of lignification
Miscellaneous
 n - a piece from Xom's chessboard (15/15)
 C - a phial of floods

Dungeon Overview and Level Annotations

Branches:
Dungeon (10/15)            Temple (1/1) D:6            Lair (0/5) D:8
Ossuary (visited)          Bailey (visited)
    Orc: D:9-12

Altars:
Ashenzari
Cheibriados
Dithmenos
Elyvilon
Fedhas
Gozag
Hepliaklqana
Kikubaaqudgha
Makhleb
Nemelex Xobeh
Qazlal
Ru
Trog
Uskayaw
Vehumet
Xom
Yredelemnul
Zin

Shops:
D:9 =(

Annotations:
D:10 Urug

...# .?.# ...#
...#####################
....................)...
........................
........................
.................o?.....
.>..............@$...>..
$
........................
........................
...#####################
...# ...# ...# ...# ...#


You could see Urug (strong, extremely poisoned).


Message History

You hit Urug.
Urug seems to slow down.
Your punch misses Urug.
Urug is lightly wounded.
Urug squints and says, "My one eye mightn't be all that good, but I can see you just fine with it, harpy."
Urug hits you with a +5 great mace!!!
You hit Urug but do no damage.
Urug is poisoned.
Urug is lightly wounded.
You hit Urug.
Urug is lightly wounded.
Urug hits you with a +5 great mace!!
* * * LOW HITPOINT WARNING * * *
You are too injured to fight recklessly!
You are too injured to fight recklessly!
You are too injured to fight recklessly!
You are too injured to fight recklessly!
You are too injured to fight recklessly!
You are too injured to fight recklessly!
You are too injured to fight recklessly!
You slash Urug! You freeze Urug.
Urug is moderately wounded.
You slash Urug! Your headbutt misses Urug.
Urug is heavily wounded.
You block Urug's attack.
You hit Urug.
Urug looks as sick as possible!
Urug is severely wounded.
Urug is no longer moving slowly.
You hit Urug but do no damage. You headbutt Urug, but do no damage.
Urug is severely wounded.
Urug hits you with a +5 great mace!!!
You die...
Your body crumbles into a pile of gold.

Skill      XL: |  1  2  3  4  5  6  7  8  9 10 11 |
---------------+----------------------------------+-----
Long Blades    | 3 4 5 6 7 9 10 12 13 14 | 14.0
Armour         | 5 7 10 12 13 | 13.2
Fighting       | 5 9 10 | 10.2
Shields        | |  3.6

Action                     |  1- 3 |  4- 6 |  7- 9 | 10-12 || total
---------------------------+-------+-------+-------+-------++-------
  Melee: Long sword        |   113 |   165 |   365 |   305 ||   948
         Headbutt          |    12 |    29 |    61 |    52 ||   154
         Punch             |     2 |     1 |     4 |       ||     7
 Invoke: Call Merchant     |       |       |       |     2 ||     2
  Evoke: Wand              |       |       |     6 |    35 ||    41
    Use: Potion            |       |     1 |     7 |     5 ||    13
         Scroll            |       |       |    20 |     6 ||    26
   Stab: Paralysed         |       |       |       |     6 ||     6
         Petrifying        |       |       |       |     1 ||     1
 Armour: Scale mail        |    49 |    90 |    26 |       ||   165
         Chain mail        |       |       |   162 |   141 ||   303
  Dodge: Dodged            |    49 |    80 |   105 |   106 ||   340
  Block: Other             |    26 |    48 |    68 |    56 ||   198
         Reflection        |       |       |     3 |     1 ||     4

Levels and vault maps discovered:
D:1:      dpeg_cavernosity, layout_loops_ring
D:2:      layout_loops_ring, hellmonk_ecumenical_altar_inner_sanctum,
          minmay_stone_trees_small, nrook_loot_triangle, minmay_crystal_water,
          corexii_shack
D:3:      layout_basic, mainiacjoe_overflow_catwalk, fiery_altar_vehumet,
          minmay_cupped
D:4:      layout_basic, nicolae_ossuary_entry_plus, uniq_blork_the_orc,
          uniq_natasha
D:5:      layout_basic, uniq_menkaure, uniq_eustachio, uniq_ijyb
D:6:      hangedman_cross_stitches, layout_layer_cave,
          mainiacjoe_overflow_24_doors, minmay_temple_entry_arrows, uniq_grinder
D:7:      layout_basic, nemelex_altar_shiori, water_maze_lemuel
D:8:      layout_cave_pools, erik_lair_island, serial_column_ruins,
          column_ruins_columns_straight, column_ruins_columns_dead_end,
          column_ruins_open_tiny, column_ruins_grid_1,
          column_ruins_open_small_water
D:9:      layout_basic, enter_bailey_2, reono_crystal_passage, uniq_pikel
D:10:     layout_cross, uniq_urug
Temple:   dpeg_three_leaves_temple

Notes
Turn   | Place    | Note
-------+----------+-------------------------------------------
     0 | D:1      | demibob the Minotaur Fighter began the quest for the Orb.
     0 | D:1      | Reached XP level 1. HP: 19/19 MP: 0/0
   282 | D:1      | Reached skill level 3 in Long Blades
   380 | D:1      | Reached XP level 2. HP: 26/26 MP: 1/1
   545 | D:1      | Reached skill level 4 in Long Blades
   791 | D:1      | Reached XP level 3. HP: 24/31 MP: 2/2
  1070 | D:2      | Identified the +1 leather armour "Jeurhaum" {Str+3}
  1269 | D:2      | Reached skill level 5 in Long Blades
  1381 | D:2      | Reached XP level 4. HP: 27/39 MP: 3/3
  1704 | D:2      | Found a faded altar of an unknown god.
  1768 | D:3      | Found a radiant altar of Vehumet.
  1799 | D:3      | Reached skill level 6 in Long Blades
  1984 | D:3      | Found a burning altar of Makhleb.
  2042 | D:3      | Reached XP level 5. HP: 42/45 MP: 4/4
  2461 | D:4      | Found a sand-covered staircase.
  2465 | Ossuary  | Entered an ossuary
  2515 | Ossuary  | Reached skill level 7 in Long Blades
  2598 | Ossuary  | Reached XP level 6. HP: 44/51 MP: 5/5
  2610 | Ossuary  | Reached skill level 8 in Long Blades
  2630 | Ossuary  | Reached skill level 9 in Long Blades
  2861 | D:4      | Noticed Natasha
  2871 | D:4      | Killed Natasha
  2872 | D:4      | Reached XP level 7. HP: 48/57 MP: 6/6
  3380 | D:4      | Noticed Natasha
  3388 | D:4      | Killed Natasha
  3512 | D:4      | Noticed Blork the orc
  3522 | D:4      | Killed Blork the orc
  3523 | D:4      | Reached skill level 10 in Long Blades
  3728 | D:4      | Noticed Natasha
  3742 | D:4      | Killed Natasha
  3976 | D:4      | Reached skill level 4 in Armour
  4212 | D:5      | Entered Level 5 of the Dungeon
  4311 | D:5      | Reached skill level 5 in Armour
  4311 | D:5      | Reached XP level 8. HP: 55/64 MP: 7/7
  4363 | D:5      | Noticed Eustachio
  4372 | D:5      | Noticed Ijyb
  4491 | D:5      | Reached skill level 11 in Long Blades
  4551 | D:5      | Killed Eustachio
  4556 | D:5      | Killed Ijyb
  4644 | D:5      | Reached skill level 6 in Armour
  4815 | D:5      | Noticed Menkaure
  4825 | D:5      | Killed Menkaure
  5166 | D:6      | Identified the +0 pair of gloves of Ykhuytel {rPois rC-
                  | Regen+ SInv}
  5252 | D:6      | Reached skill level 7 in Armour
  5299 | D:6      | Reached skill level 12 in Long Blades
  5392 | D:6      | Reached XP level 9. HP: 40/70 MP: 8/8
  5433 | D:6      | Noticed a boulder beetle
  5461 | D:6      | Killed a boulder beetle
  5462 | D:6      | Reached skill level 8 in Armour
  5590 | D:6      | Reached skill level 13 in Long Blades
  5590 | D:6      | Reached skill level 9 in Armour
  5793 | D:6      | Found a staircase to the Ecumenical Temple.
  5810 | Temple   | Entered the Ecumenical Temple
  5817 | Temple   | Became a worshipper of Gozag Ym Sagoz the Greedy
  5876 | D:6      | Found a glowing silver altar of Zin.
  6706 | D:7      | Found a sparkling altar of Nemelex Xobeh.
  7156 | D:8      | Reached skill level 4 in Fighting
  7165 | D:8      | Reached skill level 10 in Armour
  7287 | D:8      | Noticed a troll
  7297 | D:8      | Reached skill level 5 in Fighting
  7319 | D:8      | Killed a troll
  7320 | D:8      | Reached XP level 10. HP: 26/81 MP: 9/9
  7421 | D:8      | Reached skill level 14 in Long Blades
  7461 | D:8      | Reached skill level 6 in Fighting
  7767 | D:8      | Found a staircase to the Lair.
  7864 | D:9      | Reached skill level 11 in Armour
  8274 | D:9      | Found a flagged portal.
  8283 | Bailey   | Entered a bailey
  8371 | Bailey   | Reached skill level 7 in Fighting
  8420 | Bailey   | Noticed an orc knight
  8428 | Bailey   | Killed an orc knight
  8542 | Bailey   | Reached skill level 8 in Fighting
  8630 | Bailey   | Noticed an orc knight
  8630 | Bailey   | Noticed an orc warlord
  8640 | Bailey   | Reached skill level 12 in Armour
  8660 | Bailey   | Killed an orc warlord
  8661 | Bailey   | Reached skill level 9 in Fighting
  8687 | Bailey   | Killed an orc knight
  8688 | Bailey   | Reached XP level 11. HP: 70/97 MP: 10/10
  8764 | Bailey   | Acquired 1050 gold pieces
  8813 | D:9      | Noticed Pikel
  8832 | D:9      | Killed Pikel
  9416 | D:9      | Identified 3 potions of resistance
  9445 | D:10     | Entered Level 10 of the Dungeon
  9456 | D:10     | Reached skill level 13 in Armour
  9527 | D:10     | Reached skill level 10 in Fighting
  9670 | D:10     | Noticed Urug
  9685 | D:10     | Mangled by Urug

Vanquished Creatures
  An orc warlord (Bailey)
  A boulder beetle (D:6)
  Pikel (D:9)
  2 orc knights (Bailey)
  2 trolls
  A queen bee (D:10)
  A wyvern (D:8)
  Eustachio (D:5)
  4 vampire mosquitoes (D:10)
  4 steam dragons (D:8)
  Menkaure (D:5)
  2 water moccasins
  14 orc warriors
  A sky beast (D:6)
  4 wolves (D:8)
  An ogre (D:6)
  2 centaurs
  A phantom (D:5)
  2 elf zombies (Ossuary)
  2 kobold brigands (D:6)
  Blork the orc (D:4)
  A bullfrog (D:9)
  A gnoll sergeant (D:9)
  2 necrophages (D:6)
  5 scorpions
  3 killer bees (D:8)
  7 electric eels
  4 centaur zombies (Ossuary)
  A gnoll bouda (D:9)
  2 jellies
  6 orc priests
  5 hounds
  6 iguanas
  Ijyb (D:5)
  Natasha (thrice) (D:4)
  2 orc wizards
  2 mummies (Ossuary)
  20 gnolls
  6 adders
  2 shadow imps
  2 white imps
  2 adder zombies (Ossuary)
  4 worms
  2 dart slugs
  24 orcs
  15 ball pythons
  5 endoplasms
  4 giant cockroaches
  20 goblins
  14 hobgoblins
  16 jackals
  2 quokkas (D:1)
  5 bats
  3 frilled lizards
  A goblin zombie (Ossuary)
  5 hobgoblin zombies (Ossuary)
  11 kobolds
  15 kobold zombies (Ossuary)
  6 orc zombies (Ossuary)
  4 rats
  A rat zombie (Ossuary)
289 creatures vanquished.

Table legend: (Time is in decaauts)
 A = Elapsed time spent in this place.
 B = Non-inter-level travel time spent in this place.
 C = Inter-level travel time spent in this place.
 D = Time resting spent in this place.
 E = Time spent auto-exploring this place.
 F = Levels seen in this place.
 G = Mean time per level.
                   A        B        C        D        E       F      G
               +--------+--------+--------+--------+--------+-----+--------+
         Total |   9545 |   9313 |    232 |    793 |   6604 |  13 |  734.2 |
       Dungeon |   8711 |   8486 |    225 |    745 |   6227 |  10 |  871.1 |
        Temple |     13 |      7 |      6 |      0 |      1 |   1 |   13.0 |
       Ossuary |    352 |    352 |      0 |      4 |    199 |   1 |  352.0 |
        Bailey |    467 |    467 |      0 |     44 |    177 |   1 |  467.0 |
               +--------+--------+--------+--------+--------+-----+--------+

Top non-repeatable levels by time:
     D:4: 1456 daAuts
     D:9: 1055 daAuts
     D:6: 1018 daAuts
     D:1: 1010 daAuts
     D:5: 938 daAuts
     D:7: 895 daAuts
     D:2: 764 daAuts
     D:8: 707 daAuts
     D:3: 646 daAuts
  Bailey: 467 daAuts
 Ossuary: 352 daAuts
    D:10: 217 daAuts
  Temple: 13 daAuts

Table legend:
 A = Non-vault XP
 B = Vault XP
 C = Vault XP percentage of total XP
 D = Non-vault monster count
 E = Vault monster count
 F = Vault count percentage of total count
                 A         B        C        D         E       F
            +---------+---------+-------+---------+---------+-------
      Total |    5641 |    8083 |  58.9 |     173 |     116 |  40.1
            +---------+---------+-------+---------+---------+-------
        D:1 |      43 |       7 |  14.0 |      25 |       4 |  13.8
        D:2 |      73 |       2 |   2.7 |      20 |       1 |   4.8
        D:3 |     115 |      11 |   8.7 |      19 |       4 |  17.4
        D:4 |     337 |     125 |  27.1 |      28 |       2 |   6.7
        D:5 |     489 |     419 |  46.1 |      13 |       3 |  18.8
        D:6 |     538 |    1498 |  73.6 |      12 |      11 |  47.8
        D:7 |     313 |       0 |   0.0 |       6 |       0 |   0.0
        D:8 |    1723 |     857 |  33.2 |      18 |       7 |  28.0
        D:9 |     479 |     629 |  56.8 |      17 |       1 |   5.6
       D:10 |    1531 |       0 |   0.0 |      15 |       0 |   0.0
    Ossuary |       0 |     455 | 100.0 |       0 |      38 | 100.0
     Bailey |       0 |    4080 | 100.0 |       0 |      45 | 100.0
            +---------+---------+-------+---------+---------+-------
